Map: [ESL] Site Delta

Players

trigger - Winner!

  • Race: Protoss Protoss
  • Spawn Location: 5:00

Astrea

  • Race: Protoss Protoss
  • Spawn Location: 11:00

Event: ESL SC2 Masters 2024 Spring (Regional)

VOD

Have the link to the VOD?

Description

Time

  • Played on: May 5, 2024, 1:21 p.m.
  • Length: 10:42

All games in this series

Show
View Real Time Build Order
Export as new Build Order

trigger Protoss - Winner!

Build Orders: Oracle Opening 

Get SALT Encoding   

  12  0:00  Probe  
  13  0:12  Probe  
  14  0:20  Pylon  
  14  0:24  Probe  
  15  0:38  Probe (Chrono Boost)  
  15  0:39  Gateway  
  16  0:47  Assimilator, Probe (Chrono Boost)  
  17  0:52  Probe  
  18  0:58  Assimilator  
  18  1:04  Probe (Chrono Boost)  
  18  1:10  Pylon  
  19  1:15  Probe (Chrono Boost)  
  20  1:19  Probe (Chrono Boost)  
  21  1:27  Cybernetics Core  
  21  1:31  Probe  
  22  1:38  Pylon  
  24  1:49  Probe  
  25  2:03  Stargate  
  25  2:05  Probe  
  25  2:06  Adept  
  26  2:31  Nexus  
  25  2:44  Warp Gate, Oracle (Chrono Boost)  
  25  2:48  Probe  
  29  3:00  Probe  
  30  3:12  Probe  
  31  3:14  Oracle  
  34  3:22  Gateway  
  34  3:24  Probe (Chrono Boost)  
  33  3:36  Probe (Chrono Boost)  
  34  3:42  Twilight Council, Probe (Chrono Boost)  
  34  3:46  Probe  
  36  3:50  Probe  
  36  3:51  Shield Battery  
  37  3:58  Probe  
  38  4:03  Probe  
  38  4:08  Shield Battery, Gateway  
  36  4:10  Probe  
  36  4:12  Blink (Chrono Boost)  
  36  4:15  Probe  
  38  4:23  Probe  
  39  4:29  Probe  
  40  4:31  Stalker x2  
  40  4:35  Probe  
  45  4:41  Probe  
  46  4:50  Probe  
  47  4:52  Assimilator  
  47  5:00  Stalker x2  
  47  5:04  Probe, Gateway  
  52  5:11  Probe  
  52  5:12  Pylon  
  53  5:17  Pylon  
  53  5:18  Pylon  
  51  5:25  Stalker  
  51  5:27  Stalker  
  54  5:37  Gateway  
  54  5:38  Stalker  
  54  5:40  Probe x2  
  54  5:42  Pylon  
  58  5:45  Pylon  
  58  5:48  Stalker  
  60  5:52  Stalker  
  60  5:53  Probe  
  61  5:59  Stalker  
  61  6:04  Robotics Facility  
  63  6:12  Stalker x2  
  63  6:15  Stalker  
  69  6:22  Nexus  
  69  6:26  Stalker  
  71  6:34  Stalker  
  71  6:35  Stalker  
  75  6:41  Probe x2  
  75  6:44  Pylon  
  77  6:47  Observer (Chrono Boost)  
  77  6:49  Charge  
  77  6:54  Probe x2 (Chrono Boost)  
  80  6:56  Forge  
  80  7:03  Probe (Chrono Boost)  
  80  7:07  Probe (Chrono Boost)  
  77  7:10  Immortal  
  77  7:12  Probe  
  81  7:17  Probe  
  81  7:18  Pylon  
  80  7:23  Protoss Ground Weapons Level 1 (Chrono Boost)  
  80  7:24  Stalker x2, Probe  
  80  7:27  Shield Battery  
  80  7:28  Stalker  
  87  7:35  Stalker  
  89  7:37  Probe  
  89  7:39  Probe  
  89  7:40  Probe  
  92  7:48  Gateway  
  92  7:49  Probe  
  92  7:51  Probe  
  94  7:54  Pylon  
  94  7:55  Observer  
  94  7:57  Gateway  
  94  8:02  Gateway  
  94  8:05  Sentry, Gateway  
  94  8:09  Stalker x2  
  100  8:19  Photon Cannon  
  100  8:22  Observer  
  100  8:23  Stalker, Photon Cannon  
  103  8:29  Zealot  
  103  8:32  Zealot x2  
  109  8:34  Pylon  
  109  8:35  Pylon  
  109  8:46  Pylon  
  109  8:51  Stalker  
  109  8:54  Stalker x3  
  113  8:58  Probe  
  113  9:01  Warp Prism (Chrono Boost)  
  113  9:02  Zealot x4  
  123  9:11  Pylon  
  123  9:14  Photon Cannon  
  99  9:27  Zealot x5  
  104  9:33  Stalker x3  
  110  9:44  Observer  
  111  9:55  Zealot  
  111  9:56  Zealot x7  
  111  9:59  Pylon  
  108  10:18  Stalker x3  
  108  10:20  Zealot x4  
  108  10:21  Zealot  
Show
View Real Time Build Order
Export as new Build Order

Astrea Protoss 

Build Orders: Phoenix Opening, Chargelot Immortal 

Get SALT Encoding   

  12  0:00  Probe  
  13  0:12  Probe  
  14  0:17  Pylon  
  14  0:24  Probe (Chrono Boost)  
  15  0:36  Probe (Chrono Boost)  
  15  0:38  Gateway  
  16  0:44  Probe (Chrono Boost)  
  16  0:46  Assimilator  
  17  0:51  Probe  
  18  0:57  Assimilator  
  18  1:03  Probe (Chrono Boost)  
  19  1:05  Pylon  
  20  1:12  Probe (Chrono Boost)  
  20  1:17  Probe (Chrono Boost)  
  20  1:24  Cybernetics Core  
  21  1:29  Probe  
  24  1:41  Probe  
  25  1:54  Probe  
  26  1:58  Nexus  
  26  2:00  Sentry  
  26  2:04  Warp Gate  
  26  2:08  Probe  
  27  2:15  Pylon  
  27  2:20  Probe  
  28  2:25  Stalker  
  30  2:37  Stargate  
  30  2:39  Probe  
  30  2:49  Shield Battery  
  30  2:51  Probe  
  31  2:59  Shield Battery  
  31  3:03  Probe  
  32  3:15  Probe (Chrono Boost)  
  34  3:20  Probe (Chrono Boost)  
  34  3:21  Phoenix (Chrono Boost)  
  34  3:25  Probe (Chrono Boost)  
  32  3:29  Probe (Chrono Boost)  
  32  3:30  Probe (Chrono Boost)  
  32  3:39  Probe  
  34  3:41  Probe  
  34  3:50  Phoenix (Chrono Boost)  
  34  3:51  Probe  
  38  3:57  Zealot  
  38  3:59  Probe  
  35  4:03  Probe  
  35  4:07  Phoenix  
  38  4:13  Probe  
  39  4:17  Probe (Chrono Boost)  
  39  4:22  Robotics Facility  
  40  4:25  Probe (Chrono Boost)  
  40  4:29  Probe (Chrono Boost)  
  42  4:34  Probe (Chrono Boost)  
  42  4:36  Probe (Chrono Boost)  
  44  4:39  Probe (Chrono Boost)  
  44  4:43  Probe  
  46  4:47  Stalker  
  46  4:51  Probe  
  49  4:55  Probe  
  49  5:03  Probe  
  50  5:14  Pylon, Immortal (Chrono Boost)  
  54  5:25  Assimilator  
  54  5:27  Twilight Council  
  54  5:30  Pylon  
  54  5:32  Probe x2  
  56  5:40  Assimilator  
  56  5:43  Observer (Chrono Boost)  
  56  5:44  Probe x2  
  59  5:56  Probe x2  
  61  6:01  Immortal (Chrono Boost)  
  61  6:02  Gateway  
  61  6:04  Gateway  
  65  6:07  Zealot, Forge, Gateway  
  65  6:08  Probe  
  69  6:13  Pylon  
  69  6:18  Pylon  
  69  6:21  Observer, Dark Shrine  
  68  6:27  Zealot  
  66  6:33  Immortal (Chrono Boost)  
  66  6:36  Charge  
  70  6:41  Protoss Ground Weapons Level 1 (Chrono Boost)  
  68  6:49  Shield Battery  
  68  6:50  Pylon  
  68  6:51  Zealot  
  70  6:57  Zealot x2  
  74  7:03  Probe  
  67  7:09  Observer  
  69  7:24  Warp Prism  
  67  7:35  Dark Templar x4  
  75  7:44  Pylon  
  75  7:49  Nexus  
  75  8:01  Immortal  
  75  8:04  Probe x2  
  81  8:05  Shield Battery  
  81  8:07  Observer  
  81  8:16  Probe x2  
  81  8:17  Shadow Stride  
  81  8:23  Zealot x3, Sentry  
  81  8:25  Shield Battery  
  89  8:28  Probe  
  89  8:34  Pylon, Probe  
  91  8:36  Observer  
  91  8:41  Probe  
  92  8:46  Probe  
  93  8:58  Dark Templar  
  93  8:59  Zealot x2, Dark Templar  
  93  9:01  Photon Cannon, Probe x2  
  103  9:03  Observer  
  103  9:05  Probe  
  103  9:09  Archon  
  104  9:11  Immortal  
  104  9:13  Photon Cannon, Probe  
  104  9:14  Pylon  
  104  9:15  Probe  
  110  9:17  Probe  
  110  9:19  Zealot  
  105  9:25  Probe  
  105  9:30  Zealot  
  110  9:32  Zealot  
  110  9:48  Zealot  
  110  9:49  Zealot  
  110  9:53  Nexus  
  110  9:54  Dark Templar  
  110  9:57  Zealot  
  114  10:03  Archon  
  114  10:06  Immortal (Chrono Boost)  
  104  10:10  Zealot  
  100  10:20  Zealot x2  
  91  10:23  Gateway  
  91  10:27  Zealot, Probe  
  86  10:29  Gateway  
  86  10:31  Zealot  
Tags
 
Add a new tag
Caveats
  • Supply blocks, unpowered buildings, or Contaminate may cause inaccurate times.
  • Supply counts are checked every 10 seconds.